Map: 해비테이션 스테이션 - 래더 (공허의 유산)

Players

Stats - Winner!

  • Race: Protoss Protoss
  • Spawn Location: 1:00

ByuL

  • Race: Zerg Zerg
  • Spawn Location: 11:00

Event: IEM Season 11 - Gyeonggi

VOD

https://www.youtube.com/watch?v=btyjdzscnsU

Description

Time

  • Played on: Dec. 17, 2016, 12:15 a.m.
  • Length: 27:53

All games in this series

Show
View Real Time Build Order
Export as new Build Order

Stats Protoss - Winner!

Build Orders: 1 Gate Expand, Carriers, Mass Adepts 

Get SALT Encoding   

  12  0:00  Probe (Chrono Boost)  
  13  0:11  Probe (Chrono Boost)  
  14  0:17  Pylon  
  14  0:22  Probe (Chrono Boost)  
  15  0:36  Probe (Chrono Boost)  
  15  0:40  Gateway  
  16  0:46  Probe (Chrono Boost)  
  16  0:47  Assimilator  
  18  0:57  Probe (Chrono Boost)  
  18  1:07  Probe (Chrono Boost)  
  19  1:18  Probe (Chrono Boost)  
  20  1:24  Nexus  
  20  1:33  Cybernetics Core  
  20  1:36  Probe (Chrono Boost)  
  21  1:41  Assimilator  
  22  1:47  Probe (Chrono Boost)  
  22  1:50  Pylon  
  22  1:57  Probe (Chrono Boost)  
  23  2:02  Warp Gate  
  23  2:07  Adept  
  24  2:09  Probe (Chrono Boost)  
  26  2:21  Twilight Council  
  26  2:22  Probe (Chrono Boost)  
  27  2:30  Adept  
  27  2:34  Probe (Chrono Boost)  
  30  2:39  Probe (Chrono Boost)  
  31  2:44  Resonating Glaives  
  31  2:49  Probe x2 (Chrono Boost)  
  33  2:58  Adept  
  35  3:02  Probe (Chrono Boost)  
  37  3:06  Gateway  
  37  3:08  Gateway  
  37  3:13  Probe (Chrono Boost)  
  37  3:14  Probe (Chrono Boost)  
  38  3:25  Adept  
  40  3:31  Probe x2 (Chrono Boost)  
  40  3:33  Pylon  
  42  3:38  Assimilator  
  42  3:39  Pylon  
  42  3:43  Assimilator  
  42  3:44  Probe x2 (Chrono Boost)  
  47  3:56  Probe (Chrono Boost), Mothership Core (Chrono Boost)  
  47  4:06  Adept x3  
  47  4:09  Probe (Chrono Boost)  
  54  4:14  Probe (Chrono Boost)  
  54  4:17  Stargate x2  
  55  4:23  Probe (Chrono Boost)  
  56  4:24  Probe (Chrono Boost), Pylon  
  57  4:44  Adept x3  
  53  4:47  Probe (Chrono Boost)  
  53  4:48  Probe (Chrono Boost)  
  51  4:58  Probe (Chrono Boost), Phoenix x2  
  53  5:00  Probe (Chrono Boost)  
  53  5:06  Adept x2  
  61  5:07  Adept  
  63  5:16  Pylon  
  63  5:20  Phoenix x2  
  67  5:30  Pylon  
  67  5:34  Adept x3  
  73  5:38  Pylon  
  73  5:43  Protoss Air Weapons Level 1  
  73  5:45  Phoenix x2  
  77  6:05  Nexus  
  77  6:12  Sentry  
  77  6:14  Fleet Beacon  
  81  6:20  Probe x2 (Chrono Boost), Adept  
  81  6:22  Sentry  
  85  6:32  Pylon  
  87  6:33  Probe x2 (Chrono Boost)  
  85  6:43  Adept x2  
  85  6:45  Probe x2 (Chrono Boost)  
  91  6:47  Carrier, Adept  
  93  6:57  Pylon  
  93  6:58  Probe x2 (Chrono Boost)  
  101  7:03  Carrier  
  107  7:17  Assimilator  
  107  7:18  Probe (Chrono Boost)  
  107  7:19  Probe (Chrono Boost)  
  107  7:20  Probe (Chrono Boost)  
  107  7:21  Assimilator  
  110  7:24  Forge  
  110  7:27  Pylon  
  110  7:41  Probe (Chrono Boost)  
  110  7:43  Probe x2 (Chrono Boost)  
  119  7:55  Probe (Chrono Boost), Pylon  
  119  7:56  Probe x2 (Chrono Boost)  
  122  7:59  Photon Cannon x2  
  122  8:01  Photon Cannon  
  122  8:04  Carrier  
  122  8:05  Pylon  
  117  8:19  Probe (Chrono Boost)  
  119  8:21  Probe x2 (Chrono Boost)  
  119  8:25  Carrier  
  120  8:35  Probe (Chrono Boost)  
  120  8:36  Probe x2 (Chrono Boost)  
  129  8:46  Protoss Air Weapons Level 2  
  129  8:48  Gateway  
  129  8:51  Probe (Chrono Boost)  
  129  8:52  Probe x2 (Chrono Boost)  
  132  8:56  Sentry  
  132  8:58  Stargate  
  134  9:06  Pylon  
  134  9:12  Gateway  
  134  9:14  Photon Cannon  
  134  9:20  Protoss Ground Weapons Level 1, Carrier  
  134  9:28  Adept  
  134  9:29  Adept x2  
  147  9:39  Probe x3 (Chrono Boost)  
  147  9:40  Pylon  
  147  9:43  Carrier  
  147  9:47  Nexus  
  147  9:53  Carrier  
  159  10:09  Graviton Catapult  
  159  10:24  Adept x3  
  163  10:28  Pylon  
  163  10:34  Pylon  
  163  10:36  Pylon  
  163  10:38  Pylon  
  163  10:43  Carrier  
  163  10:50  Pylon  
  169  10:58  Adept  
  169  10:59  Adept x4  
  179  11:06  Templar Archives, Pylon  
  179  11:07  Pylon  
  165  11:19  Adept x5  
  170  11:39  Adept  
  166  11:40  Adept x3  
  166  11:41  Carrier  
  166  11:45  Nexus  
  166  11:48  Pylon  
  172  11:55  Carrier  
  178  12:11  Forge  
  178  12:13  High Templar  
  178  12:14  Protoss Air Weapons Level 3, Pylon  
  180  12:16  Pylon  
  177  12:32  Adept x2  
  177  12:33  Adept x2  
  167  12:52  Psionic Storm  
  167  12:54  High Templar x3  
  167  12:55  High Templar x2  
  177  13:09  Probe (Chrono Boost)  
  177  13:10  Probe x3 (Chrono Boost)  
  181  13:16  Photon Cannon  
  181  13:17  Photon Cannon x2  
  181  13:32  Adept x4  
  187  13:36  Adept  
  187  13:39  Protoss Ground Weapons Level 2  
  187  14:00  High Templar  
  187  14:01  High Templar x3  
  195  14:07  Gateway x3, Assimilator  
  195  14:09  Photon Cannon  
  195  14:11  Photon Cannon, Assimilator  
  195  14:14  Archon x2  
  191  14:30  High Templar  
  193  14:34  High Templar x3  
  197  14:39  Photon Cannon, Archon x2  
  197  14:51  Robotics Facility  
  195  15:10  High Templar  
  195  15:11  High Templar  
  195  15:13  Pylon  
  197  15:14  High Templar x2  
  197  15:15  Archon  
  197  15:18  Archon  
  192  15:37  Photon Cannon  
  192  15:39  Photon Cannon  
  184  15:44  Observer  
  184  15:45  Mothership Core (Chrono Boost)  
  185  16:00  Adept x6  
  185  16:01  Adept  
  199  16:09  Observer  
  200  16:28  Warp Prism  
  198  16:43  Nexus  
  198  16:45  Pylon  
  198  16:50  Pylon  
  194  17:01  High Templar x4  
  190  17:05  Archon  
  190  17:06  Archon  
  197  17:16  Protoss Ground Weapons Level 3  
  197  17:29  Observer  
  196  17:34  Sentry  
  196  17:36  Nexus  
  199  17:37  Pylon  
  198  17:58  Nexus  
  194  17:59  Pylon  
  194  18:09  Adept  
  192  18:17  Adept x7  
  188  18:38  Photon Cannon  
  188  18:39  Photon Cannon, Observer  
  188  18:41  Photon Cannon  
  188  18:43  Photon Cannon  
  188  18:45  Zealot x5, Photon Cannon  
  188  18:47  Photon Cannon  
  199  18:55  Assimilator  
  199  18:56  Charge  
  199  19:02  Gateway, Assimilator  
  197  19:03  Cybernetics Core  
  185  19:21  High Templar x2  
  185  19:22  Warp Prism  
  189  19:25  Pylon  
  191  19:46  Adept x3  
  196  19:56  Immortal  
  198  20:09  Sentry  
  188  20:31  Immortal  
  181  20:38  Robotics Facility  
  181  20:41  Assimilator  
  185  20:46  Robotics Facility  
  185  20:50  Zealot x7  
  185  20:53  Dark Shrine  
  193  21:13  Immortal  
  187  21:21  Adept  
  179  21:33  Gateway  
  179  21:36  Gateway  
  179  21:42  Zealot x8  
  179  21:43  Gateway  
  179  21:45  Gateway  
  181  22:07  Archon  
  181  22:08  Archon  
  168  22:09  Adept  
  168  22:10  Adept x5  
  168  22:11  Immortal, Adept x3  
  148  22:16  Immortal  
  140  22:27  Carrier x2  
  127  22:31  High Templar x4  
  127  22:35  Assimilator  
  145  22:46  Zealot x5  
  145  22:48  Immortal  
  151  22:52  Immortal  
  143  23:29  Zealot x9  
  143  23:30  Zealot x4  
  143  23:31  Observer  
  170  23:40  Probe (Chrono Boost)  
  175  23:41  Probe x2 (Chrono Boost)  
  175  23:42  Probe x2 (Chrono Boost)  
  175  24:00  Zealot  
  167  24:17  High Templar x4  
  167  24:18  Zealot x2  
  167  24:23  Archon x2  
  163  24:38  High Templar x2  
  163  24:42  Archon  
  163  24:44  Photon Cannon  
  167  24:57  Dark Templar  
  165  25:15  High Templar  
  165  25:16  High Templar  
  165  25:18  Zealot x5  
  165  25:20  Archon  
  179  25:25  Zealot  
  175  25:39  Zealot  
  177  25:43  High Templar x2  
  177  25:47  Archon  
  131  26:23  Observer  
  129  26:29  High Templar x2  
  132  27:19  High Templar x2  
  136  27:23  Archon  
Show
View Real Time Build Order
Export as new Build Order

ByuL Zerg 

Build Orders: Pool First 

Get SALT Encoding   

  12  0:00  Drone  
  13  0:08  Drone  
  14  0:16  Overlord  
  14  0:22  Extractor  
  14  0:23  Drone  
  15  0:35  Drone x2  
  17  0:44  Spawning Pool  
  17  0:47  Drone  
  17  1:14  Drone, Hatchery  
  17  1:26  Drone  
  17  1:30  Extractor  
  17  1:31  Queen  
  17  1:32  Zergling x2  
  20  1:35  Drone  
  20  1:39  Drone  
  22  1:50  Overlord  
  22  2:08  Queen  
  22  2:10  Drone  
  22  2:12  Drone  
  26  2:23  Hatchery  
  26  2:24  Drone  
  26  2:27  Drone  
  27  2:33  Metabolic Boost  
  27  2:37  Drone  
  27  2:40  Drone  
  27  2:43  Drone  
  30  2:46  Drone  
  30  2:50  Drone x2  
  32  2:54  Overlord  
  32  3:00  Zergling x4  
  34  3:09  Zergling x2  
  35  3:17  Drone  
  35  3:19  Zergling x2  
  37  3:20  Drone x3  
  37  3:22  Drone  
  40  3:27  Queen  
  40  3:31  Zergling x2  
  40  3:32  Baneling Nest  
  42  3:36  Queen  
  42  3:37  Drone  
  42  3:39  Drone  
  46  3:45  Drone  
  46  3:47  Drone x2  
  46  3:48  Zergling x2  
  50  3:50  Overlord  
  50  3:54  Overlord  
  50  4:04  Evolution Chamber  
  50  4:05  Extractor  
  50  4:08  Zergling x2  
  50  4:09  Zergling x8  
  53  4:13  Zergling x4  
  53  4:16  Baneling x5  
  55  4:21  Zergling x8  
  55  4:22  Zergling x4  
  55  4:23  Drone x2  
  63  4:34  Drone  
  63  4:36  Drone  
  63  4:37  Overlord  
  62  4:38  Drone  
  62  4:44  Drone  
  62  4:45  Drone x4  
  61  4:48  Zerg Missile Weapons Level 1  
  61  4:50  Drone x3, Spore Crawler  
  63  4:54  Drone  
  63  4:55  Drone  
  63  4:56  Spore Crawler  
  63  4:58  Drone  
  65  5:01  Spore Crawler  
  65  5:08  Roach Warren  
  65  5:13  Drone, Spore Crawler  
  64  5:18  Lair  
  64  5:21  Baneling x4  
  64  5:22  Zergling x10  
  64  5:23  Zergling x6  
  64  5:25  Drone x2  
  64  5:27  Overlord  
  74  5:29  Extractor  
  74  5:30  Extractor  
  74  5:34  Drone x2  
  74  5:40  Overlord  
  74  5:43  Baneling x4  
  74  5:44  Spore Crawler, Hatchery  
  74  5:45  Drone, Spore Crawler  
  74  5:48  Zergling x4  
  74  5:52  Overlord  
  73  6:00  Drone  
  74  6:04  Overlord x2  
  74  6:05  Overlord  
  74  6:10  Overlord  
  74  6:12  Drone  
  74  6:13  Drone x2  
  74  6:14  Drone x2, Spore Crawler  
  74  6:15  Drone  
  74  6:16  Extractor  
  74  6:17  Drone x3, Extractor  
  79  6:19  Drone, Spore Crawler  
  79  6:20  Drone  
  79  6:23  Centrifical Hooks  
  80  6:25  Zergling x2  
  80  6:26  Hydralisk Den, Zergling x4  
  80  6:31  Zergling x2  
  83  6:33  Zergling x6  
  83  6:37  Drone  
  81  6:43  Drone  
  81  6:46  Drone, Overseer  
  83  6:47  Drone x3  
  85  6:54  Drone, Hatchery  
  85  6:55  Drone x2  
  85  6:56  Drone x2  
  85  6:58  Drone  
  90  7:03  Muscular Augments  
  90  7:04  Drone  
  90  7:06  Drone  
  89  7:13  Drone x2, Evolution Chamber  
  90  7:22  Hydralisk x5  
  92  7:24  Hydralisk  
  102  7:32  Hydralisk x3  
  102  7:34  Overlord  
  108  7:38  Overlord  
  108  7:39  Zerg Missile Weapons Level 2  
  108  7:48  Overlord  
  108  7:52  Zerg Ground Armor Level 1  
  108  7:57  Drone  
  108  7:58  Drone x11  
  120  8:06  Overlord  
  117  8:16  Queen  
  117  8:17  Drone  
  117  8:18  Drone x7  
  126  8:21  Hydralisk x2  
  126  8:23  Hydralisk x2  
  126  8:24  Hydralisk  
  136  8:30  Hydralisk  
  136  8:31  Hydralisk x3  
  142  8:38  Overlord x2, Extractor  
  142  8:39  Overlord  
  141  8:45  Baneling x2  
  137  8:48  Spore Crawler  
  137  8:49  Hatchery  
  137  8:53  Overlord x2  
  137  8:54  Overlord  
  135  8:58  Hydralisk  
  135  8:59  Hydralisk x3  
  135  9:00  Hydralisk  
  135  9:02  Hydralisk  
  145  9:04  Hydralisk  
  145  9:08  Hydralisk x2  
  152  9:10  Hydralisk  
  152  9:11  Hydralisk  
  156  9:19  Hydralisk  
  156  9:21  Hydralisk x3  
  156  9:23  Hydralisk x2  
  168  9:30  Hydralisk x4  
  175  9:33  Hydralisk  
  175  9:35  Hydralisk, Spore Crawler  
  178  9:40  Overseer  
  178  9:41  Overseer x4  
  178  9:45  Drone  
  177  9:48  Hydralisk x2  
  177  9:49  Hydralisk  
  183  9:54  Hydralisk  
  183  9:55  Hydralisk x2  
  183  9:58  Overlord x3  
  189  10:07  Overlord  
  189  10:09  Hydralisk x3  
  189  10:12  Baneling  
  189  10:13  Baneling x9  
  195  10:14  Baneling, Spore Crawler  
  195  10:18  Baneling  
  195  10:19  Baneling x7  
  195  10:20  Baneling  
  192  10:21  Baneling  
  192  10:25  Drone x2  
  193  10:29  Hydralisk, Baneling  
  193  10:30  Zergling x4  
  193  10:31  Hydralisk, Zergling x2  
  200  10:55  Infestation Pit  
  200  10:56  Extractor  
  198  11:04  Baneling x6  
  192  11:17  Hydralisk  
  192  11:18  Hydralisk x9  
  173  11:22  Hydralisk  
  173  11:23  Zergling x2  
  173  11:24  Zergling x4  
  187  11:26  Hydralisk x2, Zergling x2  
  187  11:27  Zergling x2  
  187  11:35  Hydralisk x4  
  187  11:37  Hydralisk  
  168  11:42  Hydralisk x3  
  168  11:43  Hydralisk  
  168  11:44  Zergling x20  
  176  11:51  Drone x3  
  177  11:57  Hive  
  177  11:58  Drone  
  176  12:02  Hatchery  
  176  12:04  Baneling x8  
  176  12:05  Drone x2, Baneling x2  
  176  12:06  Drone  
  176  12:07  Drone  
  176  12:08  Drone  
  177  12:10  Hydralisk  
  177  12:14  Baneling x9  
  179  12:17  Zergling x2  
  180  12:23  Hydralisk x2  
  180  12:24  Baneling, Zergling x2  
  180  12:25  Baneling x4  
  184  12:36  Hydralisk x3  
  153  12:39  Zergling x6  
  153  12:42  Hydralisk x2  
  153  12:43  Zergling x4  
  127  12:46  Hydralisk  
  127  12:47  Zergling x2  
  127  12:48  Zergling x6  
  126  12:51  Overseer x3  
  126  12:57  Drone x3  
  126  12:58  Drone x3  
  132  12:59  Hydralisk  
  132  13:03  Hydralisk x2  
  135  13:16  Baneling x4  
  135  13:17  Drone, Hydralisk x3  
  135  13:18  Hydralisk  
  144  13:25  Drone  
  144  13:26  Drone x5  
  150  13:27  Hydralisk  
  150  13:34  Hydralisk x3  
  144  13:36  Drone  
  144  13:39  Spore Crawler  
  149  13:47  Drone x2  
  147  13:53  Zerg Missile Weapons Level 3  
  144  13:56  Hydralisk  
  144  13:57  Hydralisk x3  
  144  14:01  Hydralisk x2  
  156  14:03  Drone  
  156  14:04  Baneling  
  156  14:05  Baneling  
  156  14:08  Viper  
  156  14:09  Viper  
  163  14:14  Drone x2  
  163  14:16  Drone x2  
  167  14:18  Hydralisk x2, Spore Crawler  
  167  14:21  Hydralisk  
  172  14:24  Hydralisk  
  172  14:30  Hydralisk x3  
  180  14:35  Baneling  
  180  14:37  Hydralisk x2, Baneling x7  
  184  14:41  Drone x2  
  184  14:42  Drone  
  182  14:47  Hydralisk x3  
  182  14:50  Hydralisk  
  190  14:54  Hydralisk x2  
  190  14:57  Hydralisk  
  196  15:03  Zergling x4  
  196  15:04  Zergling x2  
  199  15:07  Zerg Ground Armor Level 2  
  199  15:26  Pneumatized Carapace  
  192  15:48  Extractor  
  192  15:49  Hydralisk, Extractor  
  190  15:50  Hydralisk x4, Spine Crawler  
  190  15:53  Baneling  
  190  15:54  Baneling x3  
  198  15:57  Hydralisk  
  200  16:05  Adrenal Glands  
  196  16:19  Drone x3  
  196  16:20  Drone x2  
  196  16:27  Hydralisk x2  
  193  17:03  Extractor  
  193  17:06  Extractor  
  191  17:17  Queen x2, Ultralisk Cavern  
  191  17:18  Queen  
  196  17:23  Zerg Melee Weapons Level 1  
  196  17:24  Queen  
  196  17:27  Zerg Ground Armor Level 3  
  196  18:00  Hatchery  
  195  18:06  Chitinous Plating  
  157  18:39  Ultralisk  
  157  18:40  Ultralisk x5  
  190  18:43  Ultralisk  
  196  19:01  Spire  
  185  19:17  Ultralisk x2  
  185  19:18  Zergling x2  
  185  19:19  Zergling x2  
  199  19:25  Zerg Melee Weapons Level 2  
  199  19:43  Baneling x4  
  199  20:04  Overseer x2  
  199  20:05  Overseer  
  199  20:06  Overseer  
  199  20:07  Overseer x3  
  199  20:18  Zergling x6  
  200  20:35  Zergling x2  
  189  20:36  Zergling x22  
  189  20:41  Zerg Flyer Weapons Level 1  
  200  20:43  Spire  
  200  20:49  Extractor x2  
  197  21:01  Baneling  
  197  21:02  Baneling x18  
  197  21:05  Lair  
  197  21:06  Viper  
  198  21:29  Zergling x4  
  196  21:38  Zergling x6  
  148  22:09  Hydralisk  
  148  22:10  Hydralisk x10  
  148  22:11  Ultralisk x2  
  148  22:15  Ultralisk, Zergling x4  
  164  22:16  Zergling x2  
  164  22:17  Zergling x4  
  149  22:29  Hydralisk x3  
  143  22:35  Hydralisk  
  143  22:36  Hydralisk x5  
  151  22:42  Zerg Flyer Weapons Level 2  
  151  22:44  Overseer x3  
  151  22:45  Overseer  
  151  22:46  Overlord  
  151  22:49  Baneling x9  
  151  23:01  Overlord  
  151  23:02  Overlord x4  
  151  23:08  Hydralisk x2  
  155  23:16  Hatchery  
  154  23:20  Hydralisk  
  154  23:21  Hydralisk x9  
  154  23:22  Hydralisk  
  154  23:23  Hydralisk x4  
  154  23:24  Hydralisk  
  154  23:25  Hydralisk x2  
  190  23:36  Hydralisk  
  190  23:37  Hydralisk, Zergling x2  
  190  23:38  Hive  
  195  23:43  Zergling x2  
  195  23:48  Extractor  
  181  24:12  Hydralisk  
  181  24:13  Hydralisk x7  
  190  24:20  Overseer x3  
  187  24:29  Zergling x4  
  185  24:31  Spore Crawler  
  185  24:32  Spore Crawler  
  185  24:37  Zergling x4  
  185  24:38  Zergling x2  
  185  24:39  Zergling x4  
  185  24:44  Hydralisk  
  185  24:45  Zergling x4  
  192  24:49  Drone x3  
  195  24:55  Baneling x4  
  194  25:07  Extractor  
  194  25:08  Viper  
  194  25:11  Overseer x3  
  195  25:14  Hatchery  
  195  25:15  Drone x2  
  190  25:36  Zergling x6  
  193  25:43  Zergling x2  
  193  25:44  Zergling x4  
  193  25:49  Zergling x2  
  196  25:54  Baneling  
  196  25:55  Baneling x8  
  179  26:06  Hydralisk, Ultralisk  
  147  26:19  Overlord  
  147  26:20  Overlord x5  
  144  26:31  Hydralisk x6  
  108  26:48  Hydralisk  
  87  26:55  Hydralisk x2  
  89  27:02  Viper  
  89  27:06  Hydralisk  
  89  27:07  Hydralisk  
  96  27:09  Drone x3  
  99  27:18  Hydralisk  
  99  27:19  Hydralisk  

Tags
 
Add a new tag
Caveats
  • Supply blocks, unpowered buildings, or Contaminate may cause inaccurate times.
  • Supply counts are checked every 10 seconds.